 Dungeon Crawl Stone Soup version 0.27.1-3-gb3d3a73c9e (webtiles) character file.

Game seed: 3671592952215213614

2 belegose the Vexing (level 1, 0/15 HPs)
             Began as a Mummy Arcane Marksman on Oct 12, 2021.
             Slain by a jackal (2 damage)
             ... on level 1 of the Dungeon.
             The game lasted 00:00:42 (72 turns).

belegose the Vexing (Mummy Arcane Marksman)           Turns: 72, Time: 00:00:43

Health: 0/15       AC:  5    Str: 13    XL:     1   Next: 33%
Magic:  2/2        EV: 10    Int: 12    God:
Gold:   7          SH:  0    Dex: 12    Spells: 1/2 levels left

rFire    x . .     SeeInvis .   a - +0 falchion
rCold    + . .     Faith    .   (no shield)
rNeg     + + +     Spirit   .   d - +0 ring mail
rPois    ∞         Reflect  .   (no helmet)
rElec    .         Harm     .   (no cloak)
rCorr    .         Rampage  .   (no gloves)
Will     .....                  (no boots)
Stlth    +.........             (no amulet)
HPRegen  0.05/turn              (no ring)
MPRegen  0.08/turn              (no ring)

@: no status effects
A: cold resistance 1, negative energy resistance 3, torment resistance 2, heat
vulnerability 1, no potions
a: no special abilities


You were on level 1 of the Dungeon.
You visited 1 branch of the dungeon, and saw 1 of its levels.

You collected 7 gold pieces.

Inventory:

Hand Weapons
 a - a +0 falchion (weapon)
Missiles
 b - 5 javelins (quivered)
 c - 2 throwing nets
Armour
 d - a +0 ring mail (worn)
Scrolls
 e - a scroll of teleportation {unknown}


   Skills:
 + Level 1.1 Fighting
 + Level 1.6 Throwing
 + Level 0.1 Armour
 + Level 1.6 Dodging
 - Level 1.3 Spellcasting
 - Level 2.6 Hexes


You had one spell level left.
You knew the following spells:

 Your Spells              Type           Power      Damage    Failure   Level
a - Corona                Hex            7%         N/A       22%         1

Your spell library contained the following spells:

 Spells                   Type           Power      Damage    Failure   Level
 Slow                     Hex            7%         N/A       32%         2
 Inner Flame              Hex/Fire       4%         N/A       73%         3
 Portal Projectile        Hex/Tloc       8%         N/A       73%         3
 Cause Fear               Hex            3%         N/A       91%         4


Dungeon Overview and Level Annotations

Branches:
Dungeon (1/15)

Altars:


Innate Abilities, Weirdness & Mutations

You are immune to poison.
Your flesh is cold resistant. (rC+)
You are immune to negative energy. (rN+++)
You are immune to unholy pain and torment.
You are vulnerable to heat. (rF-)
You do not drink.


Message History

The jackal bites you but does no damage.
The hobgoblin hits you.
The jackal bites you but does no damage.
You hit the hobgoblin.
The hobgoblin is heavily wounded.
The jackal bites you but does no damage.
The hobgoblin hits you. The hobgoblin barely misses you.
You closely miss the hobgoblin.
The hobgoblin is heavily wounded.
The jackal bites you. The jackal closely misses you.
The hobgoblin barely misses you.
You riposte.
You closely miss the hobgoblin.
The hobgoblin is heavily wounded.
The jackal bites you but does no damage.
Unknown command.
You barely miss the hobgoblin.
The hobgoblin is heavily wounded.
The jackal barely misses you. The jackal bites you.
The hobgoblin closely misses you.
The jackal bites you but does no damage.
You hit the hobgoblin.
You kill the hobgoblin!
The jackal bites you but does no damage.
The jackal closely misses you.
The jackal bites you but does no damage.
The jackal barely misses you.
You riposte.
You barely miss the jackal.
The jackal bites you but does no damage.
You barely miss the jackal. The jackal barely misses you.
The jackal bites you but does no damage. x2
The jackal bites you.
* * * LOW HITPOINT WARNING * * *
The jackal barely misses you.
The jackal bites you but does no damage.
You hit the jackal.
The jackal is heavily wounded.
The jackal misses you.
You riposte.
You hit the jackal.
The jackal is severely wounded.
The jackal bites you.
* * * LOW HITPOINT WARNING * * *
The jackal bites you.
You die...

.##... ..##.# #.##.# #.##.#
#.##.# #..#.# ## ##.#.### ##
.. #...hh# .. .. ##.#...#@#
.####.. # #......#h#
......#####
....#####....#####.##≈..#...
.......h...##...#...≈≈....##
....##..#.....≈...#≈≈##..≈≈≈.
. ..........≈≈....##...## ..
h.####.#...≈≈≈≈........≈##..
###[..#≈≈≈≈...#[.......
#...###≈≈≈..........≈


You could see 3 jackals.

Vanquished Creatures
  A ball python (D:1)
  A hobgoblin (D:1)
2 creatures vanquished.

Notes
Turn   | Place    | Note
-------+----------+-------------------------------------------
     0 | D:1      | belegose the Mummy Arcane Marksman began the quest for the
                  | Orb.
     0 | D:1      | Reached XP level 1. HP: 15/15 MP: 2/2
    72 | D:1      | Slain by a jackal

Illustrated notes

Levels and vault maps discovered:
D:1:      denvon_arrival_waterhouse, layout_basic,
          shapermc_ecumenical_altar_starsandcircs

Action                   || total
-------------------------++-------
Melee: Falchion          ||     8
Armor: Ring mail         ||    11
Dodge: Dodged            ||    14
       Rpst.: Falchion   ||     4
